 Dungeon Crawl Stone Soup version 0.25-a0-578-gc91f01c39c (webtiles) character file.

Game seed: 12748571741825228595, levelgen mode: deterministic

409986 MisterFreud the Brawler (level 23, -3/119 HPs)
             Began as a Vine Stalker Fighter on Mar 6, 2020.
             Was the Champion of Makhleb.
             Killed from afar by a Tzitzimitl (37 damage)
             ... with a bolt of cold
             ... summoned by a deep elf demonologist
             ... on level 3 of the Elven Halls.
             The game lasted 02:10:36 (39793 turns).

MisterFreud the Brawler (Vine Stalker Fighter)     Turns: 39793, Time: 02:10:37

Health: -3/119     AC: 50    Str: 27    XL:     23   Next: 14%
Magic:  0/38       EV:  6    Int: 13    God:    Makhleb [******]
Gold:   415        SH: 19    Dex: 16    Spells: 42/42 levels left

rFire    + . .     SeeInvis +     - Unarmed
rCold    . . .     Gourm    .   b - +1 kite shield
rNeg     . . .     Faith    .   m - +12 crystal plate armour "Siryaq" {rF+ Int+2}
rPois    .         Spirit   +   D - +1 helmet {Int+3}
rElec    .         Reflect  +   n - +2 cloak {MR+}
rCorr    .         Harm     .   k - +1 pair of gloves
MR       +++..                  S - +2 pair of boots
Stlth    ..........             E - +2 amulet of reflection
HPRegen  1.09/turn              O - +5 ring of slaying
MPRegen  0.26/turn              x - ring of see invisible

@: lethally poisoned (-3 -> -3)
A: fangs 3, blurry vision 1, regeneration 2, magic shield, antimagic bite, no
potion heal 3, rot immunity
}: 3/15 runes: decaying, serpentine, abyssal
a: Minor Destruction, Lesser Servant of Makhleb, Major Destruction, Greater
Servant of Makhleb, Renounce Religion


You were on level 3 of the Elven Halls.
You worshipped Makhleb.
Makhleb was exalted by your worship.
You were hungry.

You visited 8 branches of the dungeon, and saw 39 of its levels.
You visited the Abyss 1 time.
You visited 1 bazaar.
You also visited: Bailey, Ice Cave and Wizlab.

You collected 3659 gold pieces.
You spent 3244 gold pieces at shops.

Inventory:

Missiles
 L - 3 throwing nets (quivered)
Armour
 b - a +1 kite shield (worn)
 k - a +1 pair of gloves (worn)
 m - the +12 crystal plate armour "Siryaq" (worn) {rF+ Int+2}
   (You acquired it on level 3 of the Vaults)

   It affects your intelligence (+2).
   It protects you from fire.
   If you remove this armour, your AC will decrease by 37 (50 -> 13).
 n - a +2 cloak of magic resistance (worn)
 D - a +1 helmet of intelligence (worn)
 S - a +2 pair of boots (worn)
Jewellery
 t - an uncursed ring of positive energy
 v - an uncursed ring of ice
 x - a ring of see invisible (right hand)
 E - a +2 amulet of reflection (around neck)
 N - an uncursed ring of resist corrosion
 O - a +5 ring of slaying (left hand)
 U - the ring of Uhir {rPois rF+ Int+2}
   (You found it on level 1 of the Lair of Beasts)

   [ring of poison resistance]

   It affects your intelligence (+2).
   It protects you from fire.
   It protects you from poison.
 V - an uncursed ring of protection from cold
 W - an uncursed amulet of the acrobat
 Y - the ring "Rulutoa" {*Slow rElec rPois Str+3}
   (You bought it in a shop on level 1 of the Vaults)

   [ring of poison resistance]

   It affects your strength (+3).
   It insulates you from electricity.
   It protects you from poison.
   It may slow you when you take damage.
Wands
 a - a wand of acid (16)
 i - a wand of enslavement (11)
 s - a wand of disintegration (52)
 z - a wand of clouds (8)
 C - a wand of scattershot (2)
 J - a wand of paralysis (5)
 M - a wand of digging (16)
 Q - a wand of iceblast (30)
Scrolls
 e - 9 scrolls of magic mapping
 f - 3 scrolls of holy word
 g - 4 scrolls of identify
 h - 22 scrolls of teleportation
 l - 10 scrolls of amnesia
 o - 5 scrolls of fog
 p - 9 scrolls of enchant armour
 r - 22 scrolls of remove curse
 F - a scroll of summoning
 H - 8 scrolls of fear
 T - 3 scrolls of blinking
 X - 3 scrolls of immolation
Potions
 c - a potion of ambrosia
 j - 3 potions of invisibility
 q - 3 potions of haste
 u - 9 potions of flight
 w - 19 potions of curing
 A - 2 potions of magic
 B - 5 potions of cancellation
 G - 4 potions of berserk rage
 P - 2 potions of resistance
 R - 4 potions of brilliance
 Z - a potion of might
Miscellaneous
 y - a sack of spiders
 K - a phial of floods
Comestibles
 d - 57 rations
 I - 2 chunks of flesh


   Skills:
 - Level 12.0 Fighting
 + Level 17.8 Armour
 + Level 19.5 Shields
 - Level 20.0 Unarmed Combat
 - Level 10.0 Spellcasting
 - Level 6.0 Evocations


You had 42 spell levels left.
You didn't know any spells.
Your spell library contained the following spells:

 Spells                   Type           Power        Failure   Level  Hunger
 Animate Skeleton         Necr           N/A          86%         1    None
 Apportation              Tloc           #.....       86%         1    None
 Corona                   Hex            #......      86%         1    None
 Freeze                   Ice            #...         86%         1    None
 Magic Dart               Conj           #...         86%         1    None
 Sandblast                Erth           #.....       86%         1    None
 Summon Small Mammal      Summ           #...         86%         1    None
 Blink                    Tloc           N/A          95%         2    None
 Call Imp                 Summ           #.......     95%         2    None
 Ensorcelled Hibernation  Hex/Ice        #.....       95%         2    None
 Passwall                 Tmut/Erth      #.......     95%         2    None
 Poisonous Vapours        Pois/Air       #.....       95%         2    None
 Searing Ray              Conj           #.....       95%         2    None
 Slow                     Hex            #.......     95%         2    None
 Call Canine Familiar     Summ           #.......     99%         3    #......
 Confusing Touch          Hex            #.......     99%         3    #......
 Conjure Flame            Conj/Fire      #.......     99%         3    #......
 Dazzling Flash           Conj/Hex       #.....       99%         3    #......
 Ignite Poison            Fire/Tmut/Pois #.......     99%         3    #......
 Lesser Beckoning         Tloc           #.........   99%         3    #......
 Mephitic Cloud           Conj/Pois/Air  #.......     99%         3    #......
 Recall                   Summ/Tloc      N/A          99%         3    #......
 Stone Arrow              Conj/Erth      #.....       99%         3    #......
 Summon Guardian Golem    Hex/Summ       #.......     99%         3    #......
 Tukima's Dance           Hex            #.......     99%         3    #......
 Fulminant Prism          Conj/Hex       #.........   100%        4    ###....
 Iskenderun's Mystic Bla  Conj/Tloc      #.......     100%        4    ###....
 Petrify                  Tmut/Erth      #.......     100%        4    ###....
 Summon Ice Beast         Ice/Summ       #.......     100%        4    ###....
 Summon Lightning Spire   Summ/Air       #.......     100%        4    ###....
 Aura of Abjuration       Summ           #.........   100%        5    #####..
 Fireball                 Conj/Fire      #.........   100%        5    #####..
 Lee's Rapid Deconstruct  Erth           #.........   100%        5    #####..
 Silence                  Hex/Air        #.........   100%        5    #####..
 Summon Demon             Summ           #.........   100%        5    #####..
 Summon Forest            Summ/Tloc      #.........   100%        5    #####..
 Summon Mana Viper        Hex/Summ       #.......     100%        5    #####..
 Conjure Ball Lightning   Conj/Air       #.........   100%        6    ######.
 Deflect Missiles         Chrm/Air       #.........   100%        6    ######.
 Dispersal                Tloc           #.........   100%        6    ######.
 Freezing Cloud           Conj/Ice/Air   #.........   100%        6    ######.
 Shadow Creatures         Summ           N/A          100%        6    ######.
 Starburst                Conj/Fire      #.........   100%        6    ######.
 Ring of Flames           Chrm/Fire      #.........   100%        7    #######
 Controlled Blink         Tloc           N/A          100%        8    #######
 Ignition                 Fire           #.........   100%        8    #######
 Tornado                  Air            #.........   100%        9    #######


Dungeon Overview and Level Annotations

Branches:
Dungeon (15/15)            Temple (1/1) D:4            Lair (6/6) D:10
  Swamp (4/4) Lair:2        Snake (4/4) Lair:2        Slime (0/5) Lair:5
    Orc (2/2) D:11            Elf (3/3) Orc:2        Vaults (4/5) D:14
  Crypt (0/3) Vaults:2     Depths (0/5) D:15         Bailey (visited)
  IceCv (visited)          WizLab (visited)

Altars:
Ashenzari
Cheibriados
Dithmenos
Fedhas
Gozag
Hepliaklqana
Kikubaaqudgha
Makhleb
Nemelex Xobeh
Okawaru
Qazlal
Ru
Sif Muna
Trog
Uskayaw
Vehumet
Wu Jian
Xom
Zin
The Shining One
Beogh
Lugonu

Shops:
Orc:2 =[%(   Elf:1 %   Elf:3 *   Snake:1 *   Vaults:1 [=   Vaults:2 (

Portals:
Trove: Vaults:3 (give 8 potions of haste)

Annotations:
D:3 3 runed translucent doors, Flugslaktarn's ghost, weakling DDFi
D:14 2 transporters, KennyOmg's ghost, journeyman MiBe
Lair:5 1 runed translucent door, Vabeppot's ghost, journeyman DrGl
Snake:4 3 runed translucent doors, sixsigma's ghost, adept GnWz
Orc:1 3 runed translucent doors, Suecw's ghost, journeyman DDFi
Elf:1 3 runed translucent doors, Fatoz's ghost, adept GnWn


Innate Abilities, Weirdness & Mutations

You have razor-sharp teeth.
You heal very quickly.
When hurt, damage is shared between your health and your magic reserves.
Your bite disrupts and absorbs the magic of your enemies.
Potions cannot restore your health.
You are immune to rotting.
Scrolls take you a little longer to read.


Message History

* * * LOW HITPOINT WARNING * * *
Unknown command.
Unknown command.
You feel sick.
The hell rat looks more healthy.
The sixfirhy is engulfed in noxious fumes. x2
The sixfirhy appears confused.
The sixfirhy is engulfed in noxious fumes.
The sixfirhy appears confused.
The sixfirhy is engulfed in noxious fumes. x2
The hell rat is engulfed in noxious fumes.
The sixfirhy is engulfed in noxious fumes.
A crawling corpse suddenly disappears!
The deep elf knight is engulfed in noxious fumes.
The deep elf high priest is engulfed in noxious fumes.
The deep elf high priest appears confused.
The deep elf high priest mumbles something.
The Tzitzimitl gestures at you.
The bolt of cold hits the demonic crawler!
The demonic crawler resists.
The bolt of cold hits you!!!
You die...

)....#.....##.......## ##..#
.#########.#.........####...##
.....#.....†......(..)....(..#
##.#.#..##.#.......(.####...##
#...#.....##.......## ##..#
###.#.#######.....## #.#.#
#...# ##...## #.###.. ##.##
##+## #<# #.# ##.####### #@#
#.# #.# #........# #s# #.# #.#
#..#####.# ##§## ## ## #..##
#.###§3§## ##...####.#)xr31.#
##..........x§e§e§#
#.......##.#.).x.######
##.........#ee§).......
##...######..ee(.#####


You could see a Tzitzimitl, a deep elf annihilator, a soul eater, a demonic
crawler, a deep elf demonologist, a deep elf knight, a deep elf high priest
(confused), a sixfirhy (confused), a small abomination and a hell rat
(confused).

Vanquished Creatures
  Margery (Vaults:3)
  A deep elf master archer (Elf:3)
  A deep elf blademaster (Elf:3)
  2 tentacled starspawn
  A tengu reaver (Vaults:4)
  A revenant (Vaults:2)
  3 thorn hunters
  10 nagarajas
  4 frost giants
  6 deep elf sorcerers
  A ghost moth (Abyss:3)
  A fire giant (Vaults:2)
  4 deep elf elementalists
  Louise (D:15)
  8 vault wardens
  16 ironheart preservers
  4 very ugly things
  4 deep elf demonologists
  2 entropy weavers (Vaults:4)
  A black sun (WizLab)
  5 deep elf annihilators
  2 ettins
  8 deep elf death magi
  3 green deaths
  A fire dragon (D:15)
  A death ooze (Swamp:4)
  A deep elf high priest (Elf:1)
  5 yaktaur captains
  A rakshasa (Vaults:2)
  5 vault guards
  Harold (D:7)
  4 ice dragons
  15 hydras
  16 anacondas
  3 hell beasts
  18 naga warriors
  9 ogre magi
  2 death knights
  31 two-headed ogres
  10 centaur warriors
  A satyr (Abyss:3)
  16 alligators
  22 dancing weapons
  A ghost crab (Swamp:3)
  A two-headed ogre (shapeshifter) (Elf:1)
  A death yak (shapeshifter) (Elf:3)
  11 death yaks
  3 tengu warriors (D:14)
  3 deep troll shamans
  2 deep troll earth magi (Vaults:2)
  17 naga sharpshooters
  Urug (Orc:1)
  4 thrashing horrors (Abyss:3)
  3 hell knights (Vaults:3)
  6 shock serpents
  25 deep elf knights
  A wretched star (Abyss:3)
  3 sun demons
  A soul eater (WizLab)
  2 shadow wraiths (Vaults:4)
  7 glowing orange brains
  6 salamander mystics (Snake:4)
  10 skeletal warriors
  12 deep trolls
  6 swamp dragons
  6 unseen horrors
  4 wizards
  13 deep elf archers
  A flayed ghost (Vaults:2)
  4 spriggan druids
  7 naga ritualists
  6 lindwurms
  11 ironbrand convokers
  9 orc knights
  3 harpies (Vaults:3)
  A phantasmal warrior (Vaults:4)
  23 mana vipers
  3 wolf spiders
  4 necromancers
  4 manticores
  2 orc sorcerers (Orc:2)
  A cyclops (shapeshifter) (Elf:2)
  4 cyclopes
  A worldbinder (Abyss:3)
  81 deep elf magi
  28 ugly things
  11 salamanders
  A water nymph (shapeshifter) (Vaults:2)
  4 centaur zombies
  11 elephants
  25 naga magi
  6 guardian serpents
  2 rust devils (WizLab)
  9 vault sentinels
  27 black mambas
  An ice statue (IceCv)
  4 centaur skeletons
  An apocalypse crab (Abyss:3)
  13 spiny frogs
  4 large abominations
  3 smoke demons
  7 orange demons
  4 gargoyles
  25 yaktaurs
  A hellion (WizLab)
  4 rime drakes
  A kobold demonologist (D:12)
  A tormentor (WizLab)
  5 komodo dragons
  3 freezing wraiths
  An ice devil (WizLab)
  3 guardian mummies (D:15)
  An ancient zyme (Abyss:3)
  2 red devils (WizLab)
  A queen bee (shapeshifter) (Vaults:4)
  A troll (shapeshifter) (Elf:2)
  7 trolls
  A jumping spider (Vaults:4)
  A harpy zombie (D:15)
  8 tyrant leeches
  2 meliai (shapeshifter)
  18 polar bears
  11 hornets
  A harpy skeleton (D:14)
  15 blink frogs
  11 bog bodies
  3 dream sheep (Lair:6)
  58 slime creatures
  7 hippogriffs
  3 redbacks (Vaults:4)
  An ettin skeleton (Vaults:1)
  An air elemental (Elf:2)
  3 shadows
  3 wraiths (Vaults:2)
  2 small abominations (Abyss:2)
  5 spriggans
  20 humans (D:14)
  4 water elementals
  2 fire elementals
  A tarantella (shapeshifter) (D:15)
  4 wyverns
  3 basilisks
  49 yaks
  A golden eye (shapeshifter) (D:13)
  A redback simulacrum (D:15)
  2 neqoxecs (WizLab)
  12 vampire mosquitoes
  A yaktaur simulacrum (Vaults:1)
  A steam dragon (D:12)
  2 chaos spawn
  14 insubstantial wisps
  A soldier ant (shapeshifter) (Vaults:3)
  Menkaure (D:5)
  17 swamp worms
  Edmund (D:5)
  7 wargs
  An acid dragon (D:15)
  51 nagas
  3 soldier ants
  7 porcupines
  9 water moccasins
  7 swamp drakes
  46 orc warriors
  3 black bears
  5 ice beasts
  3 phantoms
  2 sky beasts
  A hornet zombie (D:15)
  An ice dragon simulacrum (Vaults:1)
  A necrophage (D:9)
  20 wolves
  28 ogres
  9 crocodiles
  23 centaurs
  An orc skeleton (Vaults:1)
  2 big kobolds
  An elf simulacrum (Vaults:1)
  14 bullfrogs
  5 earth elementals
  A wyvern zombie (D:12)
  8 scorpions
  6 howler monkeys
  3 electric eels
  6 crimson imps
  A quasit (D:13)
  9 starcursed masses (Abyss:3)
  6 hounds
  6 bullfrog skeletons
  9 orc priests
  6 iguanas
  6 jellies
  25 orc wizards
  Jessica (D:2)
  12 worker ants
  A hound skeleton (D:5)
  A worker ant zombie (D:5)
  4 gnolls
  7 adders
  3 shadow imps
  4 oozes
  An adder skeleton (D:4)
  5 worms
  5 dart slugs
  6 leopard geckos
  89 orcs
  2 ball pythons
  9 bats
  6 giant cockroaches
  7 goblins
  8 hobgoblins
  4 jackals (D:8)
  21 kobolds
  3 quokkas
  5 frilled lizards
  2 leopard gecko skeletons
  A quokka skeleton (D:5)
  8 rats
  3 briar patches
  A crawling corpse (Elf:3)
  A lurking horror (Abyss:3)
  2 starspawn tentacles (Abyss:3)
1638 creatures vanquished.

Vanquished Creatures (others)
  A deep elf master archer (Elf:3)
  A vault warden (Vaults:3)
  A hell beast (Swamp:4)
  3 centaur warriors
  2 naga sharpshooters (Snake:3)
  A deep elf knight (Vaults:3)
  2 deep elf archers
  A swamp dragon (Swamp:4)
  A mana viper (Snake:4)
  13 yaktaurs
  2 spriggans (Swamp:4)
  A naga (Snake:4)
  A swamp drake (Swamp:4)
  A wolf (IceCv)
  7 centaurs
  An orc (Vaults:4)
  2 fungi
  A lurking horror (Abyss:3)
  5 plants
  4 starspawn tentacles
  2 withered plants (D:15)
53 creatures vanquished.

Grand Total: 1691 creatures vanquished

Notes
Turn   | Place    | Note
-------+----------+-------------------------------------------
     0 | D:1      | MisterFreud the Vine Stalker Fighter began the quest for
                  | the Orb.
     0 | D:1      | Reached XP level 1. HP: 11/11 MP: 2/2
   148 | D:1      | Reached XP level 2. HP: 11/16 MP: 3/3
   467 | D:1      | Reached XP level 3. HP: 20/21 MP: 4/4
  1068 | D:2      | Gained mutation: Your natural rate of healing is unusually
                  | fast. [Vine Stalker growth]
  1068 | D:2      | Reached XP level 4. HP: 13/25 MP: 5/5
  1139 | D:2      | Found a shimmering blue altar of Sif Muna.
  1141 | D:2      | Found a bloodstained altar of Trog.
  1156 | D:2      | Noticed Jessica
  1166 | D:2      | Killed Jessica
  1166 | D:2      | Reached skill level 1 in Spellcasting
  1621 | D:3      | Reached XP level 5. HP: 28/30 MP: 7/7
  1902 | D:3      | Reached skill level 5 in Fighting
  1929 | D:3      | Noticed Flugslaktarn's ghost (weakling DDFi)
  2066 | D:3      | Found a runed translucent gate.
  2066 | D:3      | Found a runed translucent gate.
  2066 | D:3      | Found a runed translucent gate.
  2482 | D:3      | Reached skill level 3 in Unarmed Combat
  2482 | D:3      | Reached XP level 6. HP: 32/35 MP: 7/10
  2519 | D:4      | Reached skill level 4 in Unarmed Combat
  2667 | D:4      | Reached skill level 5 in Unarmed Combat
  2667 | D:4      | Reached XP level 7. HP: 39/39 MP: 9/11
  2682 | D:4      | Found a sparkling altar of Nemelex Xobeh.
  2907 | D:4      | Found a staircase to the Ecumenical Temple.
  3024 | Temple   | Entered the Ecumenical Temple
  3040 | Temple   | Became a worshipper of Makhleb the Destroyer
  3090 | D:5      | Entered Level 5 of the Dungeon
  3124 | D:5      | Noticed Edmund
  3138 | D:5      | Killed Edmund
  3281 | D:5      | Found a sacrificial altar of Ru.
  3391 | D:5      | Noticed Menkaure
  3400 | D:5      | Gained mutation: You have razor-sharp teeth. [Vine Stalker
                  | growth]
  3400 | D:5      | Reached XP level 8. HP: 33/43 MP: 11/14
  3407 | D:5      | Killed Menkaure
  3407 | D:5      | Reached skill level 6 in Unarmed Combat
  3481 | D:5      | Found a shadowy altar of Dithmenos.
  3968 | D:6      | Found a shattered altar of Ashenzari.
  3972 | D:6      | Found a snail-covered altar of Cheibriados.
  3977 | D:6      | Found a glowing golden altar of the Shining One.
  4252 | D:6      | Found a hide-covered altar of Uskayaw.
  4422 | D:7      | Reached skill level 5 in Shields
  4481 | D:7      | Reached skill level 7 in Unarmed Combat
  4504 | D:7      | Reached * piety under Makhleb
  4608 | D:7      | Found an iron altar of Okawaru.
  4787 | D:7      | Noticed Harold
  4826 | D:7      | Reached skill level 8 in Unarmed Combat
  4826 | D:7      | Reached XP level 9. HP: 35/47 MP: 16/16
  4828 | D:7      | Killed Harold
  4828 | D:7      | Reached skill level 9 in Unarmed Combat
  5024 | D:7      | Found a shattered altar of Ashenzari.
  5453 | D:8      | Reached ** piety under Makhleb
  5709 | D:8      | Reached XP level 10. HP: 51/51 MP: 17/17
  5752 | D:8      | Reached skill level 10 in Unarmed Combat
  6101 | D:8      | Found a blossoming altar of Fedhas.
  6298 | D:9      | Found a glowing silver altar of Zin.
  6299 | D:9      | Found a shimmering altar of Xom.
  6299 | D:9      | Noticed an angel
  6486 | D:9      | Reached *** piety under Makhleb
  6971 | D:10     | Entered Level 10 of the Dungeon
  7206 | D:10     | Found a staircase to the Lair.
  7283 | D:10     | Noticed a gargoyle
  7304 | D:10     | Killed a gargoyle
  7389 | D:10     | Found a flagged portal.
  7406 | D:10     | Reached XP level 11. HP: 58/58 MP: 18/18
  7420 | Bailey   | Entered a bailey
  7472 | Bailey   | Reached **** piety under Makhleb
  7531 | Bailey   | Noticed an orc knight
  7557 | Bailey   | Killed an orc knight
  7578 | Bailey   | Reached skill level 10 in Shields
  7892 | D:10     | Noticed a two-headed ogre
  7906 | D:10     | Killed a two-headed ogre
  8194 | D:10     | Noticed a two-headed ogre
  8202 | D:10     | Killed a two-headed ogre
  8330 | D:11     | Reached ***** piety under Makhleb
  8461 | D:11     | Found a staircase to the Orcish Mines.
  8682 | D:11     | Noticed a cyclops
  8702 | D:11     | Killed a cyclops
  8966 | D:11     | Got a heavily runed leather armour
  8986 | D:11     | Reached skill level 11 in Unarmed Combat
  8998 | D:11     | Gained mutation: You heal very quickly. [Vine Stalker
                  | growth]
  8998 | D:11     | Reached XP level 12. HP: 65/65 MP: 19/19
  9184 | D:11     | Identified the cursed +1 leather armour of Ygehich {Dex+3}
                  | (You found it on level 11 of the Dungeon)
  9578 | D:12     | Reached skill level 5 in Armour
  9769 | D:12     | Paralysed by a hornet for 3 turns
  9988 | Lair:1   | Entered Level 1 of the Lair of Beasts
 10078 | Lair:1   | Got a smoking silver ring
 10080 | Lair:1   | Identified the ring of Uhir {rPois rF+ Int+2} (You found it
                  | on level 1 of the Lair of Beasts)
 11315 | Lair:2   | Reached skill level 12 in Unarmed Combat
 11523 | Lair:2   | Found a staircase to the Snake Pit.
 11604 | Lair:2   | Reached XP level 13. HP: 69/69 MP: 20/20
 12171 | Lair:2   | Found a staircase to the Swamp.
 13171 | Lair:4   | Reached skill level 13 in Unarmed Combat
 13452 | Lair:4   | Reached ****** piety under Makhleb
 13989 | Lair:5   | Found a staircase to the Slime Pits.
 14156 | Lair:5   | Found a hazy altar of Hepliaklqana.
 14245 | Lair:5   | Found a runed translucent door.
 14247 | Lair:5   | Found a shimmering altar of Xom.
 14247 | Lair:5   | Noticed Vabeppot's ghost (journeyman DrGl)
 14543 | Lair:6   | Entered Level 6 of the Lair of Beasts
 14873 | Lair:6   | Reached skill level 1 in Evocations
 15079 | Lair:6   | Reached XP level 14. HP: 74/74 MP: 21/21
 15804 | Lair:6   | Reached skill level 14 in Unarmed Combat
 17079 | D:14     | Found a shimmering blue altar of Sif Muna.
 17106 | D:14     | Found the +8 Wrath of Trog {antimagic, *Rage}
 17213 | D:14     | Reached skill level 5 in Evocations
 17390 | D:14     | Noticed KennyOmg's ghost (journeyman MiBe)
 17391 | D:14     | Found a transporter.
 17391 | D:14     | Found a transporter.
 17392 | D:14     | Identified the +8 great mace "Byvvaas" {freeze, rPois rC+++
                  | Int+2 Dex-2}
 17392 | D:14     | Noticed a frost giant
 17741 | D:14     | Reached XP level 15. HP: 78/78 MP: 22/22
 17785 | D:14     | Found a gate to the Vaults.
 18086 | D:15     | Entered Level 15 of the Dungeon
 18327 | D:15     | Reached skill level 15 in Unarmed Combat
 18630 | D:15     | Found a staircase to the Depths.
 18830 | D:15     | Reached skill level 10 in Armour
 19012 | D:15     | Noticed Louise
 19030 | D:15     | Killed Louise
 19382 | Orc:1    | Entered Level 1 of the Orcish Mines
 19382 | Orc:1    | Noticed Urug
 19394 | Orc:1    | Killed Urug
 19401 | Orc:1    | Found a roughly hewn altar of Beogh.
 19417 | Orc:1    | Found a frozen archway.
 19434 | IceCv    | Entered an ice cave
 19550 | IceCv    | Reached skill level 15 in Shields
 19858 | IceCv    | Noticed a frost giant
 19876 | IceCv    | Reached XP level 16. HP: 82/82 MP: 20/23
 19948 | IceCv    | Found the +6 lightning scales {run, rElec}
 19951 | IceCv    | Identified the Compendium of the Freezing Compass
 20299 | Orc:2    | Entered Level 2 of the Orcish Mines
 20491 | Orc:2    | Found Qafaif's Armour Shoppe.
 20491 | Orc:2    | Found Tehuas's Food Boutique.
 20493 | Orc:2    | Found Qoimiy's Antique Weapon Shop.
 20507 | Orc:2    | Found Muosoumi's Jewellery Emporium.
 20518 | Orc:2    | Bought an uncursed amulet of the acrobat for 540 gold
                  | pieces
 20665 | Orc:2    | Found a staircase to the Elven Halls.
 20830 | Orc:1    | Found a runed translucent gate.
 20831 | Orc:1    | Found a runed translucent gate.
 20831 | Orc:1    | Found a runed translucent gate.
 20832 | Orc:1    | Noticed Suecw's ghost (journeyman DDFi)
 20835 | Orc:1    | Found an iron altar of Okawaru.
 21447 | Snake:1  | Entered Level 1 of the Snake Pit
 22081 | Snake:1  | Reached skill level 5 in Spellcasting
 22222 | Snake:1  | Found Baifasod's General Store.
 22234 | Snake:1  | Bought a scroll of teleportation for 39 gold pieces
 23518 | Snake:3  | Noticed a nagaraja
 23521 | Snake:3  | Noticed a nagaraja
 23529 | Snake:3  | Killed a nagaraja
 23560 | Snake:3  | Noticed a nagaraja
 23596 | Snake:2  | Reached skill level 10 in Fighting
 23716 | Snake:3  | Killed a nagaraja
 23730 | Snake:3  | Killed a nagaraja
 23850 | Snake:3  | Reached XP level 17. HP: 90/90 MP: 27/30
 23936 | Snake:3  | Identified the +1 robe "Woppuran" {Regen+ rCorr Str+3
                  | Dex-2}
 24615 | Snake:4  | Entered Level 4 of the Snake Pit
 24711 | Snake:4  | Reached skill level 10 in Spellcasting
 24929 | Snake:4  | Noticed sixsigma's ghost (adept GnWz)
 24934 | Snake:4  | Found a runed translucent gate.
 24935 | Snake:4  | Found a runed translucent gate.
 24936 | Snake:4  | Found a runed translucent gate.
 25538 | Snake:4  | Reached XP level 18. HP: 98/98 MP: 31/33
 25964 | Snake:4  | Reached skill level 16 in Unarmed Combat
 26339 | Snake:4  | Got a serpentine rune of Zot
 26555 | Swamp:1  | Entered Level 1 of the Swamp
 27644 | Swamp:2  | Found an ancient bone altar of Kikubaaqudgha.
 28199 | Swamp:3  | Reached skill level 17 in Unarmed Combat
 29062 | Swamp:4  | Entered Level 4 of the Swamp
 29102 | Swamp:4  | Reached XP level 19. HP: 102/102 MP: 34/34
 29651 | Swamp:4  | Got a decaying rune of Zot
 30628 | Vaults:1 | Entered Level 1 of the Vaults
 30746 | Vaults:1 | Reached skill level 18 in Unarmed Combat
 30958 | Vaults:1 | Found Ukifogid's Jewellery Shoppe.
 30966 | Vaults:1 | Reached skill level 15 in Armour
 30968 | Vaults:1 | Bought the ring "Rulutoa" {*Slow rElec rPois Str+3} for 451
                  | gold pieces
 30968 | Vaults:1 | Bought a +5 ring of slaying for 1478 gold pieces
 31681 | Vaults:1 | Found Xilic's Armour Shop.
 31689 | Vaults:1 | Bought a +1 cloak of magic resistance for 231 gold pieces
 32062 | Vaults:2 | Reached skill level 19 in Unarmed Combat
 32098 | Vaults:2 | Reached XP level 20. HP: 104/107 MP: 29/35
 32761 | Vaults:2 | Found a staircase to the Crypt.
 32782 | Vaults:2 | Reached skill level 20 in Unarmed Combat
 32890 | Vaults:2 | Found Diter's Antique Weapon Shop.
 34135 | Vaults:3 | Identified a scroll of acquirement
 34136 | Vaults:3 | Identified the +12 crystal plate armour "Siryaq" {rF+
                  | Int+2} (You acquired it on level 3 of the Vaults)
 34136 | Vaults:3 | Identified the amulet "Kaiveg" {MR++ Regen+ Stlth+} (You
                  | acquired it on level 3 of the Vaults)
 34294 | Vaults:3 | Reached XP level 21. HP: 111/111 MP: 36/36
 34381 | Vaults:3 | Noticed Margery
 34419 | Vaults:3 | Killed Margery
 34554 | Vaults:3 | Found a portal to a secret trove of treasure.
 35189 | Vaults:4 | Found a flickering gateway to a bazaar.
 35203 | Bazaar   | Entered a bazaar
 35217 | Bazaar   | Found Ylofisoi's Armour Shoppe.
 35217 | Bazaar   | Found Viut's Gadget Shoppe.
 35253 | Bazaar   | Found Geewk's General Store.
 35253 | Bazaar   | Found Bareamoz's Jewellery Emporium.
 35283 | Bazaar   | Bought 3 scrolls of fear for 115 gold pieces
 35302 | Bazaar   | Bought a wand of digging (5) for 144 gold pieces
 35302 | Bazaar   | Bought a wand of acid (7) for 176 gold pieces
 36537 | Elf:1    | Entered Level 1 of the Elven Halls
 36657 | Elf:1    | Reached XP level 22. HP: 102/115 MP: 37/37
 37009 | Elf:1    | Found a runed translucent gate.
 37009 | Elf:1    | Found a runed translucent gate.
 37010 | Elf:1    | Found a runed translucent gate.
 37011 | Elf:1    | Noticed Fatoz's ghost (adept GnWn)
 37169 | Elf:1    | Found Suri's Food Shop.
 37568 | Elf:2    | Found a runed translucent gate.
 37570 | Elf:2    | Found a runed translucent gate.
 37571 | Elf:2    | Found a runed translucent gate.
 37856 | Elf:2    | Found a magical portal.
 37928 | WizLab   | Gained mutation: Scrolls take you a little longer to read.
                  | [a neqoxec]
 38150 | WizLab   | Noticed Sauvvur
 38504 | Elf:2    | Cast into level 2 of the Abyss (+0 halberd of distortion)
 38744 | Abyss:3  | Paralysed by accursed screaming for 1 turns
 38776 | Abyss:3  | Got an abyssal rune of Zot
 38785 | Elf:2    | Escaped the Abyss
 39138 | Elf:3    | Entered Level 3 of the Elven Halls
 39350 | Elf:3    | Found Ronoeh's General Store.
 39414 | Elf:3    | Bought a scroll of immolation for 70 gold pieces
 39759 | Elf:3    | Reached XP level 23. HP: 119/119 MP: 26/38
 39793 | Elf:3    | Killed from afar by a Tzitzimitl

Levels and vault maps discovered:
D:1:      minmay_arrival_nine_rooms, layout_loops_cross,
          minmay_misc_feat_encased
D:2:      layout_rooms, chequers_temple_overflow_statue_of_worship,
          first_ration, hangedman_decor_lopped, uniq_jessica
D:3:      layout_basic, gammafunk_ghost_icy, kennysheep_another_room,
          grunt_decor_cap
D:4:      layout_rooms, marbit_many_paths, minmay_temple_entry_statues_fountains
D:5:      layout_cave_pools, hangedman_ru_absence, kennysheep_mini,
          grunt_tough_drop, uniq_menkaure, uniq_edmund
D:6:      layout_basic, minmay_overflow_temple_star_quad, kennysheep_little_box
D:7:      layout_gridville, lemuel_doored_altar, evilmike_ruin_ashenzari,
          uniq_harold
D:8:      layout_loops_ring, lemuel_coloured_pillars_altar,
          hangedman_pestilent_swarm, grunt_ministairs_6
D:9:      layout_basic, grunt_temple_overflow_order_and_chaos_1
D:10:     layout_basic, erik_lair_orcish_takeover, enter_bailey_2
D:11:     layout_small_grid, orc_0_dummy, nooodl_orcs_dogs
D:12:     layout_long_grid, gauntlet_entry_generic
D:13:     layout_loops_cross
D:14:     layout_basic, grunt_vaults_entry_tiered, gammafunk_ghost_smash,
          lemuel_blue_sif_altar, minmay_misc_feat_plants
D:15:     hangedman_depths_entry_try_elsewhere_first, layout_basic,
          serial_undead, serial_undead_e, serial_undead_f, serial_undead_f,
          serial_undead_f, serial_undead_b, serial_undead_b, minivault_28,
          uniq_louise
Temple:   corrupted_temple
Lair:1:   layout_layer_cave, chequers_serial_rivers_micro_e, grunt_megastairs_5,
          serial_bayou_shore_a, lemuel_fruit_fields
Lair:2:   layout_roguey, nicolae_swamp_entry_splash_gauntlet,
          minmay_snake_entry_guardpost_medium, infiniplex_staircase_pool,
          lemuel_fruit_fields
Lair:3:   layout_roguey
Lair:4:   layout_cave_pods
Lair:5:   layout_gridlike, nicolae_slime_entry_slimehenge, ebering_ghost_xom,
          basic_altar
Lair:6:   hangedman_lair_in_review, layout_hall_layers
Swamp:1:  layout_falls_marsh, hangedman_swamp_diagram
Swamp:2:  layout_basic_swamp, evilmike_swamp_ruin_rubble_1, swamp_pool4,
          nicolae_swamp_godswood, wheals_swamp_sinkhole
Swamp:3:  layout_basic_swamp, nicolae_swamp_dense_foliage, swamp_pool3,
          lightli_tree_ring
Swamp:4:  swamp_vile, layout_basic_swamp, swamp_pool5
Snake:1:  layout_cave_shapes, serial_shops, nicolae_shop_statue_plus,
          grunt_megastairs_1
Snake:2:  layout_honeycomb
Snake:3:  layout_onion_interference, drop_trap, grunt_megastairs_2
Snake:4:  snake_pit_salamanders_mu, layout_rooms, gammafunk_ghost_split,
          drop_trap
Orc:1:    layout_caves, basic_altar, portal_ice_cave_rime,
          gammafunk_ghost_fury_of_okawaru, uniq_urug
Orc:2:    st_orc_rangers, layout_diamond_mine
Elf:1:    eino_elf_arrival_sip, layout_gridlike, gammafunk_ghost_tricky_traps,
          serial_shops, shop, hangedman_elf_represent, grunt_megastairs_3
Elf:2:    layout_geoelf_grid, infiniplex_enter_wizlab_spiral, minivault_24,
          minmay_misc_feat_ornament
Elf:3:    minmay_elf_hall_dome, layout_loops_corners, serial_shops, shop
Vaults:1: hangedman_vaults_stitches, dpeg_vaults_monster_box, vaults_room_grid,
          ontoclasm_vaults_eye, vaults_room_fancy_cross, v_misc_1,
          vaults_dpeg_cross, vaults_room_mumra_shop_pool, vaults_room_door_ring,
          hangedman_vaults_impose, vaults_room_pool, grunt_vaults_hallway_short,
          layout_vaults_omnicross, serial_shops, shop
Vaults:2: st_cells, minmay_crypt_entry_simple_sparse,
          nicolae_vaults_mini_display_case, nicolae_vaults_circle_grid_b,
          vaults_room_pool, vaults_room_pool, layout_vaults_omnigrid,
          serial_shops, nicolae_shop_behind_doors
Vaults:3: nicolae_vaults_network_periphery,
          vaults_standard_mumra_enter_the_diamond, ontoclasm_vaults_gallery,
          v_pattern_3, nicolae_vaults_shelves_hall,
          nicolae_vaults_little_squares_2, vaults_dpeg_spiral,
          vaults_standard_mumra_lines, vaults_dpeg_hooks,
          hangedman_vaults_river_flow, ontoclasm_vaults_ring_small, v_misc_5,
          vaults_room_door_ring, ontoclasm_vaults_fault, layout_vaults_omnibox,
          enter_trove_1, uniq_margery
Vaults:4: hangedman_vaults_maws, ontoclasm_vaults_tryst, v_misc_11,
          v_alt_pattern_4, ontoclasm_vaults_shuriken, hangedman_vaults_nodes,
          v_rooms_4, hangedman_vaults_nails, vaults_room_pool,
          ontoclasm_vaults_loading_screen, nicolae_vaults_ring_of_whatevers,
          layout_vaults_maze_snakey, serial_shops, bzr_entry_islet

Skill      XL: |  1  2  3  4  5  6  7  8  9 10 11 12 13 14 15 16 17 18 19 20 21 22 |
---------------+-------------------------------------------------------------------+-----
Fighting       | 3 4 5 7 8 10 12 | 12.0
Spellcasting   | 1 2 3 4 8 10 | 10.0
Unarmed Combat | 3 5 8 9 10 11 12 13 14 15 17 19 20 | 20.0
Shields        | 3 5 7 9 10 11 13 15 16 18 19 | 19.5
Armour         | 4 6 8 11 12 14 15 16 17 | 17.8
Evocations     | 1 5 6 |  6.0

Action                   |  1- 3 |  4- 6 |  7- 9 | 10-12 | 13-15 | 16-18 | 19-21 | 22-24 || total
-------------------------+-------+-------+-------+-------+-------+-------+-------+-------++-------
Melee: Unarmed           |   135 |   229 |   295 |   856 |  1415 |  2090 |  1621 |   696 ||  7337
       Bite              |    27 |    65 |   130 |   337 |   632 |   874 |   707 |   281 ||  3053
Throw: Dart              |       |       |    24 |     9 |       |       |       |       ||    33
       Boomerang         |       |       |     2 |       |       |       |       |       ||     2
       Stone             |       |       |     1 |       |       |       |       |       ||     1
       Javelin           |       |       |       |     2 |       |       |       |       ||     2
Evoke: Wand              |       |       |     1 |     4 |     8 |    10 |     1 |     3 ||    27
  Use: Scroll            |       |     2 |    10 |     5 |    10 |     9 |     5 |     3 ||    44
       Potion            |       |     2 |       |     2 |       |     1 |       |       ||     5
  Eat: Chunk             |     1 |     5 |    10 |    13 |    28 |    28 |    28 |    10 ||   123
       Ration            |       |       |       |     2 |       |     1 |       |       ||     3
Armor: Scale mail        |    69 |    97 |    57 |       |       |       |       |       ||   223
       Chain mail        |       |       |    24 |   219 |   133 |       |       |       ||   376
       Plate armour      |       |       |       |       |   252 |   769 |   384 |       ||  1405
       Crystal plate arm |       |       |       |       |       |       |   200 |   314 ||   514
Dodge: Dodged            |    35 |    62 |    48 |   126 |   248 |   575 |   238 |    66 ||  1398
Block: Kite shield       |    65 |    83 |   137 |   487 |   884 |  1708 |  1011 |   497 ||  4872
       Reflection        |       |       |       |     3 |    44 |   155 |    97 |    34 ||   333

Table legend:
 A = Non-vault XP
 B = Vault XP
 C = Vault XP percentage of total XP
 D = Non-vault monster count
 E = Vault monster count
 F = Vault count percentage of total count
                 A         B        C        D         E       F
            +---------+---------+-------+---------+---------+-------
      Total |  426403 |  298563 |  41.2 |    1096 |     569 |  34.2
            +---------+---------+-------+---------+---------+-------
        D:1 |      48 |       0 |   0.0 |      27 |       0 |   0.0
        D:2 |      75 |      37 |  33.0 |      13 |       1 |   7.1
        D:3 |     196 |       0 |   0.0 |      21 |       0 |   0.0
        D:4 |     457 |      72 |  13.6 |      21 |       1 |   4.5
        D:5 |     250 |     527 |  67.8 |      16 |       7 |  30.4
        D:6 |     296 |       0 |   0.0 |       7 |       0 |   0.0
        D:7 |     765 |    1007 |  56.8 |      21 |       1 |   4.5
        D:8 |     974 |     721 |  42.5 |      18 |       9 |  33.3
        D:9 |    1921 |       0 |   0.0 |      38 |       0 |   0.0
       D:10 |    5147 |     617 |  10.7 |      31 |       9 |  22.5
       D:11 |    2907 |    1297 |  30.9 |      35 |      12 |  25.5
       D:12 |    3795 |       0 |   0.0 |      13 |       0 |   0.0
       D:13 |    9720 |       0 |   0.0 |      34 |       0 |   0.0
       D:14 |    7666 |    7901 |  50.8 |      23 |      25 |  52.1
       D:15 |   11921 |   15730 |  56.9 |      27 |      26 |  49.1
     Lair:1 |    2158 |     411 |  16.0 |       9 |       1 |  10.0
     Lair:2 |    7973 |    1575 |  16.5 |      38 |      10 |  20.8
     Lair:3 |    6191 |       0 |   0.0 |      19 |       0 |   0.0
     Lair:4 |    4581 |       0 |   0.0 |      18 |       0 |   0.0
     Lair:5 |    3311 |    1103 |  25.0 |      17 |       6 |  26.1
     Lair:6 |    6910 |    9277 |  57.3 |      18 |      20 |  52.6
    Swamp:1 |   13665 |       0 |   0.0 |      28 |       0 |   0.0
    Swamp:2 |   13182 |       0 |   0.0 |      36 |       0 |   0.0
    Swamp:3 |   11046 |       0 |   0.0 |      33 |       0 |   0.0
    Swamp:4 |   14891 |   20805 |  58.3 |      35 |      33 |  48.5
    Snake:1 |   11688 |     665 |   5.4 |      23 |       2 |   8.0
    Snake:2 |   15072 |       0 |   0.0 |      28 |       0 |   0.0
    Snake:3 |   32634 |    1748 |   5.1 |      55 |       2 |   3.5
    Snake:4 |   23927 |   48571 |  67.0 |      40 |      70 |  63.6
      Orc:1 |    1557 |    1578 |  50.3 |      18 |       3 |  14.3
      Orc:2 |    2108 |    5051 |  70.6 |      11 |      40 |  78.4
      Elf:1 |   18234 |   10626 |  36.8 |      27 |      16 |  37.2
      Elf:2 |   17979 |   21234 |  54.2 |      34 |      27 |  44.3
      Elf:3 |   12312 |   26635 |  68.4 |      20 |      16 |  44.4
   Vaults:1 |   21021 |   11555 |  35.5 |      44 |      30 |  40.5
   Vaults:2 |   49608 |   11094 |  18.3 |      64 |      15 |  19.0
   Vaults:3 |   29036 |   43975 |  60.2 |      41 |      58 |  58.6
   Vaults:4 |   52096 |   16875 |  24.5 |      72 |      27 |  27.3
    Abyss:2 |    3535 |       0 |   0.0 |       5 |       0 |   0.0
    Abyss:3 |    5550 |   10756 |  66.0 |      18 |      10 |  35.7
     Bailey |       0 |    1356 | 100.0 |       0 |      25 | 100.0
      IceCv |       0 |   13896 | 100.0 |       0 |      45 | 100.0
     WizLab |       0 |   11868 | 100.0 |       0 |      22 | 100.0
            +---------+---------+-------+---------+---------+-------
